 Dungeon Crawl Stone Soup version 0.29.1-15-g9cfb28693d (webtiles) character file.

Game seed: 11365298431240964757

2054 firemarshallily the Trooper (level 9, 0/72 HPs)
             Began as a Demonspawn Gladiator on Mar 20, 2023.
             Was an Initiate of Qazlal.
             Killed from afar by Maggie (37 damage)
             ... with a bolt of fire
             ... on level 6 of the Dungeon.
             The game lasted 00:20:15 (6874 turns).

firemarshallily the Trooper (Demonspawn Gladiator)  Turns: 6874, Time: 00:20:16

Health: 0/72       AC: 13    Str: 23    XL:     9   Next: 5%
Magic:  9/9        EV:  9    Int: 10    God:    Qazlal [......]
Gold:   382        SH:  5    Dex: 18    Spells: 8/8 levels left

rFire   . . .      SeeInvis .   a - +0 war axe
rCold   x . .      Faith    .   C - +0 buckler
rNeg    . . .      Spirit   .   q - +1 chain mail of Wasted Space {rPois rC- rCorr Str+6}
rPois   +          Reflect  .   (helmet restricted)
rElec   .          Harm     .   (no cloak)
rCorr   +          Rampage  .   (no gloves)
Will    .....                   (no boots)
Stlth   ..........              (no amulet)
HPRegen 0.22/turn               (no ring)
MPRegen 0.11/turn               (no ring)

@: hasted, very quick
A: antennae 1, molten scales 2, powered by death 1, demonic magic 2, talons 1,
agile 1
a: Renounce Religion


You were on level 6 of the Dungeon.
You worshipped Qazlal.
Qazlal was noncommittal.
You visited 2 branches of the dungeon, and saw 7 of its levels.
You also visited: Sewer and Ossuary.

You collected 382 gold pieces.

Inventory:

Hand Weapons
 a - a +0 war axe (weapon)
Missiles
 c - 6 poisoned darts
 d - 3 throwing nets (quivered)
 B - a javelin
 D - 5 atropa-tipped darts
Armour
 b - a +0 leather armour
 q - the +1 chain mail of Wasted Space (worn) {rPois rC- rCorr Str+6}
   (You found it on level 3 of the Dungeon)

   Str:       It affects your strength (+6).
   rC:        It makes you vulnerable to cold.
   rPois:     It protects you from poison.
   rCorr:     It protects you from acid and corrosion.
 C - a +0 buckler (worn)
Jewellery
 g - a ring of flight
 j - an amulet of faith
Wands
 e - a wand of flame (9)
Scrolls
 k - 2 scrolls of poison
 m - a scroll of silence
 p - 2 scrolls of enchant armour
 r - 2 scrolls of blinking
 t - a scroll of immolation
 u - 3 scrolls of teleportation
 v - 2 scrolls of fear
 y - a scroll of amnesia
 E - a scroll of summoning {unknown}
 G - a scroll of magic mapping
Potions
 f - 2 potions of ambrosia {unknown}
 h - 3 potions of lignification {unknown}
 i - 7 potions of curing
 l - a potion of heal wounds {unknown}
 n - 3 potions of resistance
 o - a potion of haste
 s - a potion of attraction {unknown}
 z - a potion of invisibility
 A - 2 potions of brilliance


   Skills:
 * Level 7.4 Fighting
 * Level 7.2 Axes
 - Level 1.7 Throwing
 + Level 4.4 Armour
 - Level 2.6 Dodging
 + Level 2.6 Shields


You had 8 spell levels left.
You didn't know any spells.
Your spell library contained the following spells:

 Spells                   Type           Power      Damage    Failure   Level
 Sandblast                Erth           0%         2d4       98%         1
 Ensorcelled Hibernation  Hex/Ice        0%         N/A       99%         2
 Passwall                 Tmut/Erth      0%         N/A       99%         2
 Static Discharge         Conj/Air       0%         3-3/arc   99%         2
 Ozocubu's Armour         Ice            0%         N/A       100%        3
 Stone Arrow              Conj/Erth      0%         3d7       100%        3
 Swiftness                Air            0%         N/A       100%        3
 Dispel Undead            Necr           0%         3d6       100%        4
 Sticky Flame             Conj/Fire      0%         2d3       100%        4
 Ozocubu's Refrigeration  Ice            0%         4d7       100%        7


Dungeon Overview and Level Annotations

Branches:
Dungeon (6/15)             Temple (1/1) D:5           Sewer (visited)
Ossuary (visited)

Altars:
Gozag
Hepliaklqana
Makhleb
Nemelex Xobeh
Okawaru
Qazlal
Trog
Uskayaw
Vehumet
Wu Jian
Xom

Annotations:
D:6 Maggie


Innate Abilities, Weirdness & Mutations

You have a pair of small antennae on your head.
You are mostly covered in molten scales. (AC +3)
You regenerate a little health from kills.
Spells you cast may paralyse nearby enemies.
You have sharp toenails.
You are agile. (Dex +4, Str/Int -1)


Message History

Maggie is lightly wounded.
Maggie hits you with a +2 vorpal broad axe.
You hit Maggie but do no damage.
Maggie is lightly wounded.
Maggie closely misses you.
You hit Maggie but do no damage.
Maggie is lightly wounded.
Maggie closely misses you.
You slash Maggie! You claw Maggie.
Maggie is moderately wounded.
Maggie gestures at you while chanting. The bolt of fire misses you.
You hit Maggie but do no damage. You claw Maggie.
Maggie is moderately wounded.
Maggie hits you with a +2 vorpal broad axe. x2
You barely miss Maggie.
Maggie is moderately wounded.
Maggie mumbles some strange words.
Maggie attempts to bespell you! You resist with almost no effort.
You feel yourself speed up. Maggie barely misses you.
You slash Maggie! You claw Maggie, but do no damage.
Maggie is heavily wounded.
You hit Maggie. Your kick misses Maggie.
Maggie is heavily wounded.
Maggie hits you with a +2 vorpal broad axe!
You hit Maggie but do no damage.
Maggie is heavily wounded.
Maggie hits you with a +2 vorpal broad axe!
It was a potion of curing.
You feel better. Maggie hits you but does no damage.
You barely miss Maggie. Your kick misses Maggie.
Maggie is heavily wounded.
You slash Maggie! You claw Maggie, but do no damage.
Maggie is severely wounded.
Maggie closely misses you.
You barely miss Maggie. Your kick misses Maggie.
Maggie is severely wounded.
Maggie casts a spell at you. The bolt of fire hits you!!!
Ouch! That really hurt!
You die...

#.#.####.##...........
#. #.####..#.#.#..
#.####.####........>
#.#.................
#.#...#.###.####.#..
#.+...........##.#..
#.#...#.###.####.#..
#.#####.#........#..
#.@@........######..
#...#####.#.#.# #.....
#.## #.#.#.# #.#... #
#.#.#.# #.#..#
#.#.#.###.#..#
#.............
###...###.#..#
###.###.#..#
#.........


You could see Maggie.

Vanquished Creatures
  Grinder (D:4)
  Menkaure (D:4)
  A water moccasin (D:5)
  2 ice beasts (D:5)
  A black bear (D:6)
  An ogre (D:5)
  Blork the orc (D:4)
  4 elf zombies (Ossuary)
  4 bullfrogs
  2 centaur zombies (Ossuary)
  6 human zombies (Ossuary)
  An orc priest (D:2)
  A gnoll bouda (D:4)
  An orc wizard (D:5)
  3 mummies (Ossuary)
  4 gnolls (D:4)
  3 river rats
  10 adders
  An ufetubus (D:4)
  5 worms
  2 dart slugs (D:4)
  8 orcs
  5 bats
  5 endoplasms
  8 giant cockroaches
  4 goblins
  3 hobgoblins
  8 jackals
  11 kobolds
  7 quokkas
  21 ball pythons
  2 frilled lizards
  A jackal zombie (D:5)
  An orc zombie (D:5)
  43 rats
182 creatures vanquished.

Notes
Turn   | Place    | Note
-------+----------+-------------------------------------------
     0 | D:1      | firemarshallily the Demonspawn Gladiator began the quest
                  | for the Orb.
     0 | D:1      | Reached XP level 1. HP: 16/16 MP: 1/1
   147 | D:1      | Gained mutation: Spells you cast may paralyse adjacent
                  | enemies. [demonic ancestry]
   147 | D:1      | Reached XP level 2. HP: 22/22 MP: 2/2
   859 | D:2      | Gained mutation: Spells you cast may paralyse nearby
                  | enemies. [demonic ancestry]
   859 | D:2      | Reached XP level 3. HP: 25/28 MP: 3/3
   860 | D:2      | Reached skill level 1 in Armour
  1558 | D:2      | Reached XP level 4. HP: 16/35 MP: 4/4
  2185 | D:2      | Found a faded altar of an unknown god.
  2469 | D:3      | Gained mutation: You regenerate a little health from kills.
                  | [demonic ancestry]
  2469 | D:3      | Reached XP level 5. HP: 13/41 MP: 5/5
  2725 | D:3      | Identified the +1 chain mail of Wasted Space {rPois rC-
                  | rCorr Str+6}
  2769 | D:3      | Found a glowing drain.
  2785 | Sewer    | Entered a sewer
  3244 | Sewer    | Reached XP level 6. HP: 34/48 MP: 6/6
  3819 | D:4      | Noticed Menkaure
  3824 | D:4      | Killed Menkaure
  3825 | D:4      | Reached skill level 5 in Axes
  3889 | D:4      | Reached skill level 5 in Fighting
  3889 | D:4      | Gained mutation: You are partially covered in molten
                  | scales. (AC +2) [demonic ancestry]
  3889 | D:4      | Reached XP level 7. HP: 30/56 MP: 7/7
  4079 | D:4      | Noticed Grinder
  4162 | D:4      | Killed Grinder
  4236 | D:4      | Noticed Blork the orc
  4247 | D:4      | Killed Blork the orc
  4529 | D:4      | Identified the +6 whip of Qumuynam {pain, rPois rC- Will+}
  4920 | D:5      | Entered Level 5 of the Dungeon
  4944 | D:5      | Gained mutation: You have a pair of small antennae on your
                  | head. [demonic ancestry]
  4944 | D:5      | Reached XP level 8. HP: 63/64 MP: 8/8
  4965 | D:5      | Found a sand-covered staircase.
  5001 | Ossuary  | Entered an ossuary
  5079 | Ossuary  | Reached skill level 1 in Shields
  5509 | D:5      | Found a staircase to the Ecumenical Temple.
  5523 | Temple   | Entered the Ecumenical Temple
  5853 | D:5      | Gained mutation: You occasionally lose the ability to drink
                  | potions when taking damage. [potion of mutation]
  5853 | D:5      | Gained mutation: You are frail. (-10% HP) [potion of
                  | mutation]
  5853 | D:5      | Gained mutation: Your magical capacity is low. (-10% MP)
                  | [potion of mutation]
  5853 | D:5      | Gained mutation: You possess an exceptional clarity of
                  | mind. [potion of mutation]
  5878 | Temple   | Lost mutation: You occasionally lose the ability to drink
                  | potions when taking damage. [potion of mutation]
  5878 | Temple   | Lost mutation: Your magical capacity is low. (-10% MP)
                  | [potion of mutation]
  5878 | Temple   | Lost mutation: You possess an exceptional clarity of mind.
                  | [potion of mutation]
  5878 | Temple   | Gained mutation: Your spells are a little harder to cast,
                  | but a little more powerful. [potion of mutation]
  5878 | Temple   | Gained mutation: You have sharp toenails. [potion of
                  | mutation]
  5879 | Temple   | Lost mutation: You have sharp toenails. [potion of
                  | mutation]
  5879 | Temple   | Lost mutation: Your spells are a little harder to cast, but
                  | a little more powerful. [potion of mutation]
  5879 | Temple   | Gained mutation: You are dopey. (Int -2) [potion of
                  | mutation]
  5879 | Temple   | Gained mutation: You are strong-willed. (Will+) [potion of
                  | mutation]
  5880 | Temple   | Lost mutation: You are strong-willed. (Will+) [potion of
                  | mutation]
  5880 | Temple   | Lost mutation: You are frail. (-10% HP) [potion of
                  | mutation]
  5880 | Temple   | Lost mutation: You are dopey. (Int -2) [potion of mutation]
  5880 | Temple   | Gained mutation: Your body sometimes deteriorates upon
                  | taking damage. [potion of mutation]
  5880 | Temple   | Gained mutation: Your spells are a little harder to cast,
                  | but a little more powerful. [potion of mutation]
  5880 | Temple   | Gained mutation: Your mind is acute. (Int +4, Str/Dex -1)
                  | [potion of mutation]
  6071 | Temple   | Became a worshipper of Qazlal Stormbringer
  6182 | D:5      | Found a hide-covered altar of Uskayaw.
  6185 | D:5      | Noticed a +0 hand axe
  6185 | D:5      | Noticed a +0 hand axe
  6203 | D:5      | Gained mutation: You are mostly covered in molten scales.
                  | (AC +3) [demonic ancestry]
  6203 | D:5      | Reached XP level 9. HP: 27/72 MP: 9/9
  6206 | D:5      | Lost mutation: Your mind is acute. (Int +4, Str/Dex -1)
                  | [potion of mutation]
  6206 | D:5      | Lost mutation: Your spells are a little harder to cast, but
                  | a little more powerful. [potion of mutation]
  6206 | D:5      | Lost mutation: Your body sometimes deteriorates upon taking
                  | damage. [potion of mutation]
  6206 | D:5      | Gained mutation: You are agile. (Dex +4, Str/Int -1)
                  | [potion of mutation]
  6206 | D:5      | Gained mutation: You have sharp toenails. [potion of
                  | mutation]
  6854 | D:6      | Noticed Maggie
  6874 | D:6      | Killed from afar by Maggie

Illustrated notes

Levels and vault maps discovered:
D:1:      lemuel_arrival_cross, layout_basic
D:2:      layout_loops_ring, hellmonk_ecumenical_altar_leap_of_faith,
          minmay_rat_hole
D:3:      layout_rooms, mainiacjoe_overflow_24_doors, gup_sewer_entry_bubbles,
          grunt_ministairs_10, hangedman_abyss_or_decor_lesser_grid
D:4:      layout_loops_cross, kennysheep_generic_room_10, uniq_grinder,
          uniq_blork_the_orc, uniq_menkaure
D:5:      layout_basic, dancing_weapons_uskayaw, minmay_temple_entry_crystal_x,
          enter_ossuary_3, corexii_hall_statues_i
D:6:      layout_basic, hangedman_abyss_or_decor_stabs, uniq_prince_ribbit1,
          uniq_crazy_yiuf_cottage, uniq_maggie
Temple:   chequers_temple_sunken

Skill      XL: |  1  2  3  4  5  6  7  8 |
---------------+-------------------------+-----
Axes           | 3 4 5 7 |  7.2
Armour         | 1 2 3 4 |  4.4
Fighting       | 3 4 5 6 7 |  7.4
Shields        | 2 |  2.6
Throwing       | |  1.7
Dodging        | |  2.6

Action                   |  1- 3 |  4- 6 |  7- 9 || total
-------------------------+-------+-------+-------++-------
Melee: War axe           |   101 |   209 |   285 ||   595
       Punch             |       |     1 |     8 ||     9
       Kick              |       |       |     7 ||     7
Throw: Javelin           |       |       |     2 ||     2
Evoke: Wand              |       |       |     1 ||     1
  Use: Scroll            |       |     5 |     6 ||    11
       Potion            |       |       |    13 ||    13
 Stab: Sleeping          |     1 |       |       ||     1
       Invisible         |       |       |     2 ||     2
Armor: Leather armour    |    39 |    40 |       ||    79
       Chain mail        |       |    81 |   153 ||   234
Dodge: Dodged            |    82 |   158 |   116 ||   356
Block: Buckler           |       |       |     2 ||     2
